 Dungeon Crawl Stone Soup version 0.29-a0-993-g4a18f31a58 (webtiles) character file.

Game seed: 11439312395811269536

63 vurker the Sneak (level 4, -1/22 HPs)
             Began as a Vine Stalker Enchanter on Aug 2, 2022.
             Slain by a gnoll
             ... wielding a +0 halberd
              (4 damage)
             ... on level 3 of the Dungeon.
             The game lasted 00:03:01 (2451 turns).

vurker the Sneak (Vine Stalker Enchanter)           Turns: 2451, Time: 00:03:01

Health: -1/22      AC:  5    Str: 12    XL:     4   Next: 9%
Magic:  0/8        EV: 11    Int: 15    God:
Gold:   145        SH:  5    Dex: 15    Spells: 7/7 levels left

rFire   + + .      SeeInvis .   a - +2 dagger
rCold   . . .      Faith    .   (no shield)
rNeg    . . .      Spirit   +   k - +2 leather armour {rF+}
rPois   .          Reflect  +   (no helmet)
rElec   .          Harm     .   (no cloak)
rCorr   .          Rampage  .   (no gloves)
Will    .....                   (no boots)
Stlth   +++.......              e - amulet of reflection
HPRegen 0.87/turn               i - ring of protection from fire
MPRegen 0.11/turn               (no ring)

@: no status effects
A: fangs 2, regeneration 1, magic shield, antimagic bite, no potion heal 2
a: no special abilities


You were on level 3 of the Dungeon.
You visited 1 branch of the dungeon, and saw 3 of its levels.

You collected 145 gold pieces.

Inventory:

Hand Weapons
 a - a +2 dagger (weapon)
Armour
 b - a +0 robe
 g - a +0 ring mail
   (You found it on level 2 of the Dungeon)
 k - a +2 leather armour of fire resistance (worn)
   (You found it on level 2 of the Dungeon)
Jewellery
 e - an amulet of reflection (around neck)
   (You found it on level 1 of the Dungeon)
 i - a ring of protection from fire (left hand)
   (You found it on level 1 of the Dungeon)
Wands
 o - a wand of roots (5)
   (You found it on level 3 of the Dungeon)
Scrolls
 f - 2 scrolls of identify
 j - a scroll of blinking
 n - 2 scrolls of teleportation {unknown}
Potions
 c - 2 potions of invisibility
 d - a potion of ambrosia
 h - 3 potions of might
 l - a potion of curing {unknown}
 m - 3 potions of mutation {unknown}
 p - a potion of attraction {unknown}


   Skills:
 + Level 1.3 Fighting
 * Level 2.4 Short Blades
 - Level 1.5 Dodging
 + Level 4.4 Stealth
 - Level 2.1 Spellcasting
 - Level 3.0 Hexes


You had 7 spell levels left.
You didn't know any spells.
Your spell library contained the following spells:

 Spells                   Type           Power      Damage    Failure   Level
 Ensorcelled Hibernation  Hex/Ice        12%        N/A       22%         2
 Confusing Touch          Hex            10%        N/A       24%         3
 Tukima's Dance           Hex            10%        N/A       24%         3
 Shock                    Conj/Air       4%         1d3       28%         1
 Dazzling Flash           Conj/Hex       12%        N/A       41%         3
 Swiftness                Air            1%         N/A       63%         3
 Airstrike                Air            0%         2d(1-17)  95%         4


Dungeon Overview and Level Annotations

Branches:
Dungeon (3/15)

Altars:
Uskayaw


Innate Abilities, Weirdness & Mutations

You have extremely sharp teeth.
Your natural rate of healing is unusually fast.
When hurt, damage is shared between your health and your magic reserves.
Your bite disrupts and absorbs the magic of your enemies.
Potions cannot restore your health.


Message History

A gnoll comes into view. It is wielding a +0 halberd.
The gnoll moves out of view.
You see here a ball python corpse.
You see here a ball python corpse.
A gnoll is nearby!
You see here a ball python corpse.
The gnoll misses you. You block the gnoll's attack.
You block the gnoll's attack.
You hit the gnoll. The gnoll barely misses you.
You hit the gnoll. Your bite misses the gnoll. The gnoll closely misses you.
You closely miss the gnoll. The gnoll barely misses you.
You hit the gnoll. You bite the gnoll, but do no damage.
You block the gnoll's attack.
You closely miss the gnoll. You bite the gnoll, but do no damage.
The gnoll hits you with a +0 halberd!
You hit the gnoll. You hit the gnoll.
You kill the gnoll!
You have reached level 4!
You feel agile.
You begin to heal more quickly.
Unknown command.
Things that are here:
a +0 halberd; a gnoll corpse You see here a ball python skeleton.
Found 6 atropa-tipped darts.
There is a stone staircase leading down here.
The gnoll shouts!
You hear a shout!
A hobgoblin comes into view.
The hobgoblin shouts!
There are monsters nearby!
There are monsters nearby!
The gnoll drinks a potion.
The gnoll flickers and vanishes!
Deactivating autopickup; reactivate with Ctrl-A.
The gnoll shouts!
A gnoll comes into view. It is wielding a +0 halberd.
Something hits you. Something hits you.
You barely miss something. Something hits you.
You hit something. Your bite misses something. Something hits you!
* * * LOW HITPOINT WARNING * * *
You barely miss something. Something hits you!
* * * LOW HITPOINT WARNING * * *
You closely miss something. Your bite misses something. Something hits you.
You die...

....)...........#####.......#.###
............###.# #...........#
....##.#.#..###.# #.......#.#.#
...###.#......#.# ##.....##....
#)## #.###......# #.....####.#
#.####.###......# #####.### #.รท
#.<.............# #.......######
.....##.####...#####(###.....#
#....##.# #....@.gg.......#.# .
#.##.##.####...####...#....#.# .g
#.....................#.>#.#.#..g
####.....................g.#...{.
####.#................#.g....#
.).....#####...####.#......#.#
.###.#.# #).......###......#
.##....# ###...###### #.####### #
.##....# #.......# #.#.....# #


You could see a gnoll and a hobgoblin.

Vanquished Creatures
  A gnoll (D:3)
  An adder (D:2)
  A dart slug (D:1)
  5 bats
  8 endoplasms
  3 giant cockroaches
  3 hobgoblins
  A quokka (D:3)
  A ball python (D:3)
  2 frilled lizards
  7 goblins
  5 kobolds
  A rat (D:2)
39 creatures vanquished.

Notes
Turn   | Place    | Note
-------+----------+-------------------------------------------
     0 | D:1      | vurker the Vine Stalker Enchanter began the quest for the
                  | Orb.
     0 | D:1      | Reached XP level 1. HP: 9/9 MP: 4/4
    69 | D:1      | Reached skill level 1 in Short Blades
   209 | D:1      | Reached XP level 2. HP: 14/14 MP: 6/6
   688 | D:1      | Reached skill level 4 in Stealth
   941 | D:2      | Reached XP level 3. HP: 9/17 MP: 5/7
  1191 | D:2      | Reached skill level 1 in Fighting
  1547 | D:2      | Found a hide-covered altar of Uskayaw.
  2383 | D:3      | Gained mutation: Your natural rate of healing is unusually
                  | fast. [Vine Stalker growth]
  2383 | D:3      | Reached XP level 4. HP: 14/22 MP: 5/8
  2451 | D:3      | Slain by a gnoll

Illustrated notes

Levels and vault maps discovered:
D:1:      dpeg_arrival_more_subterranean_lakeside_camping, layout_basic
D:2:      layout_rooms, basic_altar
D:3:      layout_loops_cross, chequers_serial_rivers_micro_b

Skill      XL: |  1  2  3 |
---------------+----------+-----
Short Blades   | 1 2 |  2.4
Stealth        | 4 |  4.4
Fighting       | 1 |  1.3
Dodging        | |  1.5
Spellcasting   | |  2.1
Hexes          | |  3.0

Action                   |  1- 3 |  4- 6 || total
-------------------------+-------+-------++-------
Melee: Dagger            |   109 |     4 ||   113
       Bite              |    23 |       ||    23
  Use: Scroll            |     5 |       ||     5
 Stab: Sleeping          |     9 |       ||     9
Armor: Robe              |    13 |       ||    13
       Leather armour    |     1 |       ||     1
Dodge: Dodged            |    50 |       ||    50
Block: Other             |    20 |       ||    20

Table legend: (Time is in decaauts)
 A = Elapsed time spent in this place.
 B = Non-inter-level travel time spent in this place.
 C = Inter-level travel time spent in this place.
 D = Time resting spent in this place.
 E = Time spent auto-exploring this place.
 F = Levels seen in this place.
 G = Mean time per level.
                   A        B        C        D        E       F      G
               +--------+--------+--------+--------+--------+-----+--------+
         Total |   2442 |   2398 |     44 |    345 |   1593 |   3 |  814.0 |
       Dungeon |   2442 |   2398 |     44 |    345 |   1593 |   3 |  814.0 |
               +--------+--------+--------+--------+--------+-----+--------+

Top non-repeatable levels by time:
     D:1: 1206 daAuts
     D:3: 626 daAuts
     D:2: 610 daAuts
